cohdb
Replays
Latest Replays
All Replays
Popular Replays
Top Player Replays
Match Explorer
How It Works
Community
CoH3 Stats
Reddit
Sign in to upload your games and track your stats! →
Sign in with Steam
Match 47367417
Unlisted
Match 47367417
Overview
Messages
Build Orders
End
Construct Section Command Post
Selects Heavy Armor Battlegroup
Vickers Machine Gun Team
Dingo Light Scout Car
Infantry Section
Infantry Section
Selects Rigorous Vehicle Training
Construct Platoon Command Post
CMP 15cwt Truck
Selects Light Vehicle Withdraw and Refit
Light Vehicle Withdraw and Refit
Humber Armored Car
Sherman-C
Fabius Maximus
XIAOXU
borys771
Weers
nidjo
【嗜血狼族】灵狐魅儿
维维豆奶
0
0
Comments
sign in to comment!
No comments posted yet!